 Dungeon Crawl Stone Soup version 0.32-a0-471-gb91d5d9764 (webtiles) character file.

Game seed: 10631522181422673738

126 Dirtsage the Chopper (level 4, -4/38 HPs)
             Began as a Mountain Dwarf Fighter on Feb 25, 2024.
             Killed from afar by Ijyb (14 damage)
             ... with a bolt of acid
             ... on level 3 of the Dungeon.
             The game lasted 00:02:28 (1951 turns).

Dirtsage the Chopper (Mountain Dwarf Fighter)       Turns: 1951, Time: 00:02:28

Health: -4/38      AC:  0    Str: 21    XL:     4   Next: 83%
Magic:  4/4        EV:  9    Int:  8    God:
Gold:   106        SH:  4    Dex:  9    Spells: 3/3 levels left

rFire   . . .        a - +0 war axe
rCold   . . .        c - +0 buckler
rNeg    . . .        b - +0 scale mail
rPois   .            (no helmet)
rElec   .            q - +0 cloak
rCorr   .            (no gloves)
SInv    .            (no boots)
Will    .....        (no amulet) Stlth
                     (no ring)
HPRegen 0.26/turn    (no ring)
MPRegen 0.09/turn

%: no passive effects
@: corroded
A: runic magic, artefact enchanting
a: no special abilities


You were on level 3 of the Dungeon.
You visited 1 branch of the dungeon, and saw 3 of its levels.

You collected 106 gold pieces.

Inventory:

Hand Weapons
 a - a +0 war axe (weapon)
 r - a +0 hammer of draining
Armour
 b - a +0 scale mail (worn)
 c - a +0 buckler (worn)
 q - a +0 cloak (worn)
Jewellery
 h - a ring of ice
 u - a ring of magical power
Scrolls
 f - 2 scrolls of blinking {unknown}
 g - a scroll of teleportation {unknown}
 m - 2 scrolls of immolation {unknown}
 o - a scroll of acquirement {unknown}
 p - a scroll of poison {unknown}
 t - a scroll of identify {unknown}
Potions
 d - a potion of might
 e - a potion of haste {unknown}
 i - a potion of degeneration {unknown}
 j - a potion of magic {unknown}
 k - a potion of mutation {unknown}
 l - a potion of brilliance {unknown}
 n - 3 potions of curing {unknown}
 s - a potion of enlightenment {unknown}


   Skills:
 - Level 3.2 Fighting
 + Level 6.2 Axes
 - Level 3.2 Armour
 - Level 3.2 Shields


You had 3 spell levels left.
You didn't know any spells.
Your spell library was empty.

Dungeon Overview and Level Annotations

Branches:
Dungeon (3/15)

Altars:

Shops:
D:3 (

Annotations:
D:3 1 runed translucent door, Ijyb; starts1789's ghost, weakling MiHu


Innate Abilities, Weirdness & Mutations

Your spellcasting is much less encumbered by armour.
You can use scrolls of enchantment on lesser artefacts.


Message History

The acid corrodes you!
You take 8 damage, and have 30/38 hp.
MASSIVE DAMAGE!!
You hit Ijyb but do no damage.
Ijyb is heavily wounded.
Ijyb closely misses you.
You slash Ijyb!
Ijyb is severely wounded.
Ijyb hits you with a +0 dagger.
You take 1 damage, and have 30/38 hp.
You closely miss Ijyb.
Ijyb is severely wounded.
You block Ijyb's attack.
You miss Ijyb.
Ijyb is severely wounded.
Ijyb screams, "Me am play god!"
Ijyb hits you with a +0 dagger.
You take 2 damage, and have 28/38 hp.
You hit Ijyb but do no damage.
Ijyb is severely wounded.
Ijyb hits you with a +0 dagger. Ijyb hits you but does no damage.
You take 3 damage, and have 25/38 hp.
You are too injured to fight recklessly!
You are too injured to fight recklessly!
You are too injured to fight recklessly!
You are too injured to fight recklessly!
You are too injured to fight recklessly!
You hit Ijyb.
Ijyb is almost dead.
Ijyb zaps a wand.
The bolt of acid hits you! The acid corrodes you!
You take 9 damage, and have 16/38 hp.
MASSIVE DAMAGE!!
You barely miss Ijyb.
Ijyb is almost dead.
Ijyb hits you with a +0 dagger!
* * * LOW HITPOINT WARNING * * *
You take 6 damage, and have 10/38 hp.
You closely miss Ijyb.
Ijyb is severely wounded.
Ijyb zaps a wand.
The bolt of acid hits you!
You die...
Ijyb moans, "Good help so hard to find!"

# #...##...##...#..# #.
#....##⌠##........
#.####.....###....####.
#.......#..............
#.......##....).)...#..
#ß.....ß#######)....#.#
#.......######.)....#.#
##.....###..........#.#
#.....@.##............#
##....g###..........###
#....... #.........##
#ß.....ß##.........#
#....$..##.......#.#
##########.........#
#######...# #...# #...#


You could see Ijyb.

Vanquished Creatures
  Crazy Yiuf (D:2)
  A gnoll (D:1)
  3 adders
  2 ribbon worms
  A dart slug (D:1)
  An orc (D:3)
  3 endoplasms (D:1)
  5 giant cockroaches
  8 goblins
  5 hobgoblins
  A kobold (D:2)
  3 quokkas (D:1)
  4 ball pythons
  5 bats
  2 frilled lizards
  4 rats
  A spectral hobgoblin (D:1)
50 creatures vanquished.

Notes
Turn   | Place    | Note
-------+----------+-------------------------------------------
     0 | D:1      | Dirtsage the Mountain Dwarf Fighter began the quest for the
                  | Orb.
     0 | D:1      | Reached XP level 1. HP: 19/19 MP: 1/1
   134 | D:1      | Reached skill level 3 in Axes
   186 | D:1      | Reached XP level 2. HP: 23/26 MP: 2/2
   283 | D:1      | Found a faded altar of an unknown god.
   289 | D:1      | Reached skill level 4 in Axes
   428 | D:1      | Reached XP level 3. HP: 31/31 MP: 3/3
   967 | D:2      | Reached skill level 5 in Axes
  1143 | D:2      | Reached XP level 4. HP: 38/38 MP: 4/4
  1267 | D:2      | Found a runed translucent door.
  1268 | D:2      | Noticed Crazy Yiuf
  1278 | D:2      | Killed Crazy Yiuf
  1579 | D:3      | Found a runed translucent door.
  1580 | D:3      | Noticed starts1789's ghost (weakling MiHu)
  1788 | D:3      | Found Jaidweh's Antique Weapon Shop.
  1829 | D:3      | Reached skill level 6 in Axes
  1938 | D:3      | Noticed Ijyb
  1951 | D:3      | Killed from afar by Ijyb

Illustrated notes

Levels and vault maps discovered:
D:1:      minmay_arrival_five_plusses, layout_loops_ring,
          dreamdust_ecumenical_altar_drowned_temple, nicolae_grassy_gnolls
D:2:      layout_basic, uniq_crazy_yiuf_cottage
D:3:      kennysheep_the_goblin_king, layout_basic, serial_shops,
          nicolae_shop_statue_plus, hellmonk_ghost_happy_afterlife

Skill      XL: |  1  2  3  4 |
---------------+-------------+-----
Axes           | 3 4 5 6 |  6.2
Fighting       | |  3.2
Armour         | |  3.2
Shields        | |  3.2

Action                     |  1- 3 |  4- 6 || total
---------------------------+-------+-------++-------
  Melee: War axe           |   102 |    47 ||   149
 Armour: Scale mail        |    76 |    25 ||   101
  Dodge: Dodged            |    48 |    20 ||    68
  Block: Buckler           |    15 |     7 ||    22

Table legend: (Time is in decaauts)
 A = Elapsed time spent in this place.
 B = Non-inter-level travel time spent in this place.
 C = Inter-level travel time spent in this place.
 D = Time resting spent in this place.
 E = Time spent auto-exploring this place.
 F = Levels seen in this place.
 G = Mean time per level.
                   A        B        C        D        E       F      G
               +--------+--------+--------+--------+--------+-----+--------+
         Total |   2003 |   1967 |     36 |      0 |   1589 |   3 |  667.7 |
       Dungeon |   2003 |   1967 |     36 |      0 |   1589 |   3 |  667.7 |
               +--------+--------+--------+--------+--------+-----+--------+

Top non-repeatable levels by time:
     D:1: 865 daAuts
     D:2: 718 daAuts
     D:3: 419 daAuts
